 Dungeon Crawl Stone Soup version 0.22-a0-406-g9ff8d77 (webtiles) character file.

766 dstrtnsr the Chopper (level 7, -9/67 HPs)
             Began as a Deep Dwarf Fighter on May 8, 2018.
             Mangled by an orc warrior
             ... wielding a +0 dire flail
              (15 damage)
             ... on level 6 of the Dungeon.
             The game lasted 00:03:11 (1970 turns).

dstrtnsr the Chopper (Deep Dwarf Fighter)           Turns: 1970, Time: 00:03:11

Health: -9/67      AC:  6    Str: 21    XL:     7   Next: 52%
Magic:  2/2        EV:  6    Int:  9    God:
Gold:   96         SH:  7    Dex: 12    Spells: 6/6 levels left

rFire    . . .     SeeInvis .   a - +0 war axe
rCold    . . .     Gourm    .   c - +0 shield
rNeg     . . .     Faith    .   b - +0 scale mail
rPois    .         Spirit   .   (no helmet)
rElec    .         Reflect  .   (no cloak)
rCorr    .         Harm     .   (no gloves)
MR       +....     Rnd*Tele +   (no boots)
Stlth    ..........             (no amulet)
HPRegen  0.00/turn              n - ring of teleportation (curse)
MPRegen  0.08/turn              (no ring)

@: non-regenerating, extremely drained
A: damage resistance, heal wounds, sense surroundings 1, no regeneration
a: Heal Wounds


You were on level 6 of the Dungeon.
You were not hungry.

You visited 1 branch of the dungeon, and saw 6 of its levels.

You collected 96 gold pieces.

Inventory:

Hand Weapons
 a - a +0 war axe (weapon)
Armour
 b - a +0 scale mail (worn)
 c - a +0 shield (worn)
Jewellery
 n - a cursed ring of teleportation (left hand)
Wands
 E - a wand of enslavement (5)
Scrolls
 f - a scroll of immolation {unknown}
 g - 3 scrolls of identify {unknown}
 h - a scroll of blinking {unknown}
 i - a scroll of fear {unknown}
 m - 2 scrolls of teleportation {unknown}
 o - 2 scrolls of remove curse {unknown}
Potions
 d - a potion of might
 j - 2 potions of flight {unknown}
 k - a potion of degeneration {unknown}
 l - a potion of berserk rage {unknown}
 p - a potion of heal wounds {unknown}
Comestibles
 e - 9 rations {!d}
 q - 2 chunks of flesh


   Skills:
 + Level 5.1(0.0) Fighting
 * Level 7.8(2.0) Axes
 - Level 3.2(0.0) Armour
 - Level 3.2(0.0) Shields


You had 6 spell levels left.
You didn't know any spells.

Dungeon Overview and Level Annotations

Branches:
Dungeon (6/15)
 Temple: D:4-7

Altars:
Ashenzari
Trog
Wu Jian

Shops:
D:4 =


Innate Abilities, Weirdness & Mutations

You are resistant to damage.
You can heal yourself by infusing magical energy.
You passively map a small area around you.
You do not regenerate.


Message History

Anything else - Cancel.
Gang up on whom?
Press: ? - help, Dir - move target cursor, f/p - orc
Aim: an orc, wielding a dagger Attack!
Your orc warrior hits the orc with a dire flail!
The orc dies!
Your orc warrior hits the orc with a dire flail!
The orc dies!
What are your orders? t - Shout!
Orders for allies: a - Attack new target. r - Retreat! s - Stop attacking. g - Guard the area. f - Follow me.
Anything else - Cancel.
Retreat in which direction?
Press: ? - help, Dir - move target cursor Fall back!
You don't know any spells.
You don't know any spells.
You don't know any spells.
Unknown command.
What are your orders? t - Shout!
Orders for allies: a - Attack new target. r - Retreat! s - Stop attacking. g - Guard the area. f - Follow me.
Anything else - Cancel.
Follow me!
Unknown command.
Really attack your orc warrior?
You hit your orc warrior.
The orc warrior is no longer charmed.
The orc warrior is heavily wounded.
The orc warrior hits you with a dire flail!!
The orc warrior hits you but does no damage.
Unknown command.
You hit the orc warrior.
The orc warrior is heavily wounded.
The orc warrior hits you with a dire flail!
You are too injured to fight recklessly!
You are too injured to fight recklessly!
Your magical essence is drained by the effort!
You feel much better.
The orc warrior hits you with a dire flail.
Your magical essence is drained by the effort!
You feel much better.
The orc warrior hits you with a dire flail!
You don't know any spells.
You don't know any spells.
You don't know any spells.
You don't know any spells.
You don't know any spells.
You don't know any spells.
You don't know any spells.
You don't know any spells.
You don't know any spells.
You don't know any spells.
You don't know any spells.
You don't know any spells.
Unknown command.
You don't know any spells.
You don't know any spells.
You don't know any spells.
Unknown command.
You don't know any spells.
You don't know any spells.
You don't know any spells.
You barely miss the orc warrior.
The orc warrior is heavily wounded.
The orc warrior barely misses you.
You hit the orc warrior but do no damage.
The orc warrior is heavily wounded.
The orc warrior hits you with a dire flail!
You block the orc warrior's attack.
You hit the orc warrior.
The orc warrior is severely wounded.
The orc warrior barely misses you.
You closely miss the orc warrior.
The orc warrior is severely wounded.
The orc warrior closely misses you.
Your shield and scale mail prevent you from hitting the orc warrior.
The orc warrior is severely wounded.
The orc warrior hits you with a dire flail!
You barely miss the orc warrior.
The orc warrior is severely wounded.
The orc warrior barely misses you.
The orc warrior hits you with a dire flail!
You completely miss the orc warrior.
The orc warrior is severely wounded.
The orc warrior hits you with a dire flail!!
* * * LOW HITPOINT WARNING * * *
You closely miss the orc warrior.
The orc warrior is severely wounded.
The orc warrior closely misses you.
You hit the orc warrior but do no damage.
The orc warrior is severely wounded.
The orc warrior hits you with a dire flail!
* * * LOW HITPOINT WARNING * * *
The orc warrior hits you with a dire flail!
You die...

* ........###..##.8§#$#... ,
,,:.....<.###>..#.+.#$#... ,
,............^...8.#$#.## *
,.............<.######.## **
........###.......##..#
........###.###.#....### , ,*
#.....#..##.###.........
.#############.#..............
......###(.)o@....##..........
..........####.#.###..........
........### #....# #..........
........# #....# #..........
.......o# #...## ####.......
........# #...# , ......
........# #..##⌠ ,+ ..#..
)........ ####* ### ,.......#.
≈


You could see an orc warrior.

Vanquished Creatures
  Edmund (D:5)
  A centaur (D:5)
  2 jellies
  A hound (D:5)
  3 orc wizards
  5 orc priests
  Terence (D:2)
  2 worker ants (D:4)
  An iguana (D:5)
  A hound skeleton (D:4)
  3 adders
  4 oozes
  2 worms (D:4)
  22 orcs
  A bat (D:3)
  4 giant cockroaches
  3 goblins
  2 hobgoblins
  A quokka (D:4)
  A ball python (D:4)
  4 frilled lizards
  A giant cockroach zombie (D:6)
  3 kobolds
  3 rats
72 creatures vanquished.

Vanquished Creatures (collateral kills)
  An orc wizard (D:6)
  3 orcs (D:6)
4 creatures vanquished.

Grand Total: 76 creatures vanquished

Notes
Turn   | Place    | Note
-------+----------+-------------------------------------------
     0 | D:1      | dstrtnsr the Deep Dwarf Fighter began the quest for the Orb.
     0 | D:1      | Reached XP level 1. HP: 20/20 MP: 1/1
    29 | D:1      | Reached XP level 2. HP: 25/27 MP: 2/2
   117 | D:1      | Reached skill level 3 in Axes
   233 | D:2      | Noticed Terence
   240 | D:2      | Killed Terence
   240 | D:2      | Reached XP level 3. HP: 31/34 MP: 3/3
   250 | D:3      | Reached skill level 4 in Axes
   250 | D:3      | Reached XP level 4. HP: 32/42 MP: 4/4
   279 | D:3      | Found a bloodstained altar of Trog.
   603 | D:4      | Found a shattered altar of Ashenzari.
   655 | D:4      | HP: 9/43 [orc priest/divine providence (12)]
   663 | D:4      | Reached skill level 5 in Axes
   663 | D:4      | Reached XP level 5. HP: 46/50 MP: 4/4
   759 | D:4      | HP: 17/50 [orc priest/divine providence (8)]
   759 | D:4      | HP: 7/50 [orc priest/divine providence (10)]
   768 | D:4      | Reached XP level 6. HP: 48/57 MP: 5/5
   775 | D:4      | Reached skill level 6 in Axes
   898 | D:4      | Found Vath's Jewellery Emporium.
  1342 | D:5      | Entered Level 5 of the Dungeon
  1384 | D:5      | Found an ornate altar of the Wu Jian Council.
  1425 | D:5      | Noticed Edmund
  1444 | D:5      | HP: 23/58 [Edmund/flail of draining (6)]
  1454 | D:5      | HP: 20/58 [Edmund/flail of draining (4)]
  1467 | D:5      | HP: 20/58 [Edmund/flail of draining (5)]
  1469 | D:5      | Killed Edmund
  1469 | D:5      | Reached skill level 7 in Axes
  1469 | D:5      | Reached XP level 7. HP: 48/66 MP: 6/6
  1797 | D:5      | Noticed a hippogriff
  1825 | D:6      | HP: 24/66 [acid (8)]
  1830 | D:6      | Reached skill level 5 in Fighting
  1840 | D:6      | HP: 22/67 [orc wizard/puff of frost (8)]
  1862 | D:6      | HP: 22/67 [orc priest/divine providence (8)]
  1918 | D:6      | HP: 21/67 [orc warrior/dire flail (16)]
  1929 | D:6      | HP: 19/67 [orc warrior/dire flail (9)]
  1936 | D:6      | HP: 26/67 [orc warrior/dire flail (16)]
  1936 | D:6      | HP: 7/67 [orc warrior/dire flail (19)]
  1959 | D:6      | HP: 23/67 [orc warrior/dire flail (16)]
  1968 | D:6      | HP: 13/67 [orc warrior/dire flail (15)]
  1970 | D:6      | HP: 6/67 [orc warrior/dire flail (7)]
  1970 | D:6      | Mangled by an orc warrior

Vault maps used:
D:1:      lightli_arrival_lavapool
D:2:      nemelex_altar_shiori, marbit_many_paths, uniq_terence, uniq_natasha
D:3:      lemuel_doored_altar, overflow_temple_1_default, uniq_ijyb
D:4:      overflow_temple_1_default, serial_shops,
          nicolae_shop_temple_entry_statues_fountains, first_ration
D:5:      basic_altar, kennysheep_generic_room_11, uniq_edmund
D:6:      lemuel_ice_spiral_2, gammafunk_temple_overflow_wave,
          minmay_temple_entry_statues, basic_altar, minmay_misc_feat_encased

Skill      XL: |  1  2  3  4  5  6  7 |
---------------+----------------------+-----
Axes           | 3 4 5 7 |  7.8
Fighting       | 3 4 5 |  5.1
Armour         | |  3.2
Shields        | |  3.2

Action                   |  1- 3 |  4- 6 |  7- 9 || total
-------------------------+-------+-------+-------++-------
Melee: War axe           |    34 |   198 |    67 ||   299
 Abil: Heal Wounds       |       |     9 |    12 ||    21
Evoke: Wand              |       |       |     3 ||     3
  Eat: Chunk             |       |     2 |     2 ||     4
Armor: Scale mail        |    12 |    58 |    22 ||    92
Dodge: Dodged            |     6 |    51 |    20 ||    77
Block: Shield            |     9 |   103 |    33 ||   145

Table legend:
 A = Spawn XP
 B = Non-spawn XP
 C = Spawn XP percentage of total XP
 D = Spawn monster count
 E = Non-spawn monster count
 F = Spawn count percentage of total count
 G = Total turns spent on level
                    A         B        C        D         E        F      G
               +---------+---------+-------+---------+---------+-------+---------
         Total |       0 |    1095 |   0.0 |       0 |      76 |   0.0 |  1970
               +---------+---------+-------+---------+---------+-------+---------
           D:1 |       0 |      24 |   0.0 |       0 |       9 |   0.0 |   203
           D:2 |       0 |      39 |   0.0 |       0 |       2 |   0.0 |    43
           D:3 |       0 |      75 |   0.0 |       0 |      13 |   0.0 |   357
           D:4 |       0 |     431 |   0.0 |       0 |      35 |   0.0 |   739
           D:5 |       0 |     370 |   0.0 |       0 |       7 |   0.0 |   467
           D:6 |       0 |     156 |   0.0 |       0 |      10 |   0.0 |   161
               +---------+---------+-------+---------+---------+-------+---------
